 Dungeon Sprint DCSS version 0.22.1-2-g9c5b331 (webtiles) character file.

120 diana the Twirler (level 5, -6/44 HPs)
             Began as a Formicid Fighter on Dec 11, 2018.
             Was a Follower of Cheibriados.
             Mangled by a troll (8 damage)
             ... in the Dungeon (Sprint IX: "|||||||||||||||||||||||||||||").
             The game lasted 00:01:42 (187 turns).

diana the Twirler (Formicid Fighter)                 Turns: 187, Time: 00:01:43

Health: -6/44      AC:  7    Str: 29    XL:     5   Next: 25%
Magic:  5/5        EV: 10    Int:  9    God:    Cheibriados [*.....]
Gold:   0          SH: 11    Dex: 12    Spells: 4/4 levels left

rFire    . . .     SeeInvis +   a - +0 quarterstaff
rCold    . . .     Gourm    .   c - +0 shield
rNeg     . . .     Faith    .   b - +0 scale mail
rPois    .         Spirit   .   (helmet unavailable)
rElec    .         Reflect  .   (no cloak)
rCorr    .         Harm     .   (no gloves)
MR       .....                  (no boots)
Stlth    ..........             (no amulet)
HPRegen  0.14/turn              (no ring)
MPRegen  0.09/turn              (no ring)

@: mighty, very slow
A: permanent stasis, dig shafts and tunnels, four strong arms, antennae 3
a: Dig, Bend Time, Renounce Religion


You were in the Dungeon.
You worshipped Cheibriados.
Cheibriados was aware of your devotion.
You were not hungry.

You visited 1 branch

Inventory:

Hand Weapons
 a - a +0 quarterstaff (weapon)
 r - a +0 lajatang
Armour
 b - a +0 scale mail (worn)
 c - a +0 shield (worn)
Jewellery
 p - a +3 ring of intelligence
 q - a +2 ring of protection
Wands
 o - a wand of acid (10)
Scrolls
 k - 2 scrolls of blinking
 m - 3 scrolls of remove curse
 n - 2 scrolls of amnesia
Potions
 e - a potion of invisibility
 h - a potion of haste
 i - 4 potions of magic
 j - a potion of berserk rage
 l - 4 potions of curing
Comestibles
 f - a ration


   Skills:
 + Level 5.3 Fighting
 * Level 5.8 Staves
 + Level 5.3 Armour
 + Level 3.2 Dodging
 + Level 5.8 Shields


You had 4 spell levels left.
You didn't know any spells.
Your spell library was empty.

Dungeon Overview and Level Annotations

Branches:
Dungeon (1/1)

Altars:
Cheibriados
Dithmenos
Elyvilon
Fedhas
Gozag
Hepliaklqana
Kikubaaqudgha
Makhleb
Nemelex Xobeh
Okawaru
Qazlal
Ru
Sif Muna
Trog
Uskayaw
Vehumet
Wu Jian
Xom
Yredelemnul
Zin
The Shining One
Beogh
Jiyva
Lugonu


Innate Abilities, Weirdness & Mutations

You cannot be hasted, slowed, berserked, paralysed or teleported.
You can dig through walls and to a lower floor.
Your four strong arms can wield two-handed weapons with a shield.
You have a pair of large antennae on your head. (SInv)


Message History

The troll barely misses you.
You sock the troll!
The troll is severely wounded.
The troll completely misses you. The troll claws you!
* * * LOW HITPOINT WARNING * * *
The troll claws you.
* * * LOW HITPOINT WARNING * * *
You closely miss the troll.
The troll is severely wounded.
The troll completely misses you.
The troll claws you but does no damage. x2
You hit the troll.
The troll is almost dead.
The troll bites you.
* * * LOW HITPOINT WARNING * * *
You block the troll's attack. x2
Unknown command.
You hit the troll but do no damage.
The troll is severely wounded.
The troll bites you!
You die...

▓.▓
▓.▓
▓.▓
▓†▓
▓)▓
▓.▓
▓.▓
▓.▓
▓@▓
▓T▓
▓o▓
▓W▓
▓h▓
▓_▓
▓_▓
▓_▓
{
▓_▓
{


You could see a troll, a phantom, an orc wizard (invisible) and a jackal.

Vanquished Creatures
  A scorpion (D)
  An orc wizard (D)
  A worker ant (D)
  A gnoll (D)
  2 leopard geckos (D)
  An orc (D)
  A giant cockroach (D)
  2 goblins (D)
  A hobgoblin (D)
  A frilled lizard (D)
12 creatures vanquished.

Notes
Turn   | Place    | Note
-------+----------+-------------------------------------------
     0 | D        | diana the Formicid Fighter began the quest for the Orb.
     0 | D        | Reached XP level 1. HP: 18/18 MP: 1/1
    19 | D        | Reached skill level 1 in Dodging
    19 | D        | Reached XP level 2. HP: 22/25 MP: 2/2
    52 | D        | Noticed a scorpion
    60 | D        | Killed a scorpion
    60 | D        | Reached skill level 5 in Shields
    60 | D        | Reached XP level 3. HP: 15/31 MP: 3/3
    60 | D        | Reached XP level 4. HP: 18/38 MP: 4/4
    67 | D        | Reached skill level 5 in Fighting
    67 | D        | Reached skill level 5 in Staves
    67 | D        | Reached skill level 5 in Armour
    77 | D        | Found a roughly hewn altar of Beogh.
    77 | D        | Found a snail-covered altar of Cheibriados.
    77 | D        | Found a shadowy altar of Dithmenos.
    77 | D        | Found a white marble altar of Elyvilon.
    77 | D        | Found a blossoming altar of Fedhas.
    77 | D        | Found an opulent altar of Gozag.
    78 | D        | Found a hazy altar of Hepliaklqana.
    79 | D        | Found a viscous altar of Jiyva.
    80 | D        | Found an ancient bone altar of Kikubaaqudgha.
    81 | D        | Found a corrupted altar of Lugonu.
    82 | D        | Found a burning altar of Makhleb.
    83 | D        | Found a sparkling altar of Nemelex Xobeh.
    84 | D        | Found an iron altar of Okawaru.
    85 | D        | Found a stormy altar of Qazlal.
    86 | D        | Found a sacrificial altar of Ru.
    87 | D        | Found a deep blue altar of Sif Muna.
    88 | D        | Found a bloodstained altar of Trog.
    89 | D        | Found a hide-covered altar of Uskayaw.
    90 | D        | Found a radiant altar of Vehumet.
    91 | D        | Found an ornate altar of the Wu Jian Council.
    92 | D        | Found a shimmering altar of Xom.
    93 | D        | Found a basalt altar of Yredelemnul.
    94 | D        | Found a glowing silver altar of Zin.
    95 | D        | Found a glowing golden altar of the Shining One.
   119 | D        | Noticed a troll
   119 | D        | Noticed a phantom
   153 | D        | Became a worshipper of Cheibriados the Contemplative
   160 | D        | Reached XP level 5. HP: 38/44 MP: 5/5
   167 | D        | Reached * piety under Cheibriados
   186 | D        | HP: 2/44 [troll (3)]
   187 | D        | Mangled by a troll

Skill      XL: |  1  2  3  4  5 |
---------------+----------------+-----
Staves         | 3 4 5 |  5.8
Dodging        | 1 2 3 |  3.2
Shields        | 4 5 |  5.8
Armour         | 4 5 |  5.3
Fighting       | 4 5 |  5.3

Action                   |  1- 3 |  4- 6 || total
-------------------------+-------+-------++-------
Melee: Quarterstaff      |    27 |    36 ||    63
  Use: Potion            |       |     5 ||     5
Armor: Scale mail        |     5 |    19 ||    24
Dodge: Dodged            |     5 |    20 ||    25
Block: Shield            |    10 |    26 ||    36
